 Dungeon Crawl Stone Soup version 0.28-a0-1518-gbe868bca14 (webtiles) character file.

Game seed: 14078380237584520399

82 bande the Shield-Bearer (level 4, 0/29 HPs)
             Began as a Gargoyle Fighter on Jan 17, 2022.
             Slain by Sigmund (5 damage)
             ... on level 4 of the Dungeon.
             The game lasted 00:04:43 (3147 turns).

bande the Shield-Bearer (Gargoyle Fighter)          Turns: 3147, Time: 00:04:43

Health: 0/29       AC: 13    Str: 19    XL:     4   Next: 43%
Magic:  4/4        EV:  7    Int:  9    God:
Gold:   87         SH:  8    Dex: 11    Spells: 3/3 levels left

rFire   . . .      SeeInvis .   a - +0 war axe
rCold   . . .      Faith    .   h - +0 kite shield
rNeg    + . .      Spirit   .   b - +0 scale mail
rPois   ∞          Reflect  .   (no helmet)
rElec   +          Harm     .   (no cloak)
rCorr   .          Rampage  .   g - +2 pair of gloves
Will    .....                   (no boots)
Stlth   ..........              (no amulet)
HPRegen 0.09/turn               (no ring)
MPRegen 0.09/turn               (no ring)

@: mighty
A: sickness immunity, AC +3, negative energy resistance 1, electricity
resistance, torment resistance 1, petrification resistance
a: no special abilities


You were on level 4 of the Dungeon.
You visited 1 branch of the dungeon, and saw 4 of its levels.

You collected 87 gold pieces.

Inventory:

Hand Weapons
 a - a +0 war axe (weapon)
 f - a +0 war axe
 i - a +0 flail
Armour
 b - a +0 scale mail (worn)
 g - a +2 pair of gloves (worn)
 h - a +0 kite shield (worn)
Potions
 c - 2 potions of magic {unknown}
 e - 3 potions of curing
 j - a potion of resistance {unknown}
 k - a potion of flight {unknown}


   Skills:
 + Level 3.7 Fighting
 + Level 3.1 Axes
 + Level 3.8 Armour
 + Level 3.8 Shields


You had 3 spell levels left.
You didn't know any spells.
Your spell library contained the following spells:

 Spells                   Type           Power      Damage    Failure   Level
 Animate Skeleton         Necr           0%         N/A       98%         1
 Pain                     Necr           0%         1d4       98%         1
 Summon Small Mammal      Summ           0%         N/A       98%         1
 Call Canine Familiar     Summ           0%         N/A       100%        3
 Summon Guardian Golem    Hex/Summ       0%         N/A       100%        3
 Vampiric Draining        Necr           0%         2d6       100%        3


Dungeon Overview and Level Annotations

Branches:
Dungeon (4/15)
 Temple: D:4-7

Altars:
Cheibriados
Wu Jian
Yredelemnul

Annotations:
D:4 Sigmund


Innate Abilities, Weirdness & Mutations

You are immune to sickness and miasma.
Your stone body is resilient. (AC +3)
You are immune to poison.
You resist negative energy. (rN+)
You are resistant to electric shocks. (rElec)
You are resistant to unholy torment.
You are immune to petrification.


Message History

The kobold shouts!
Sigmund shouts!
You hear a shout!
You block Sigmund's attack.
There is an open door here.
You hit Sigmund.
Sigmund is moderately wounded.
You block Sigmund's attack.
An orc comes into view. It is wielding a +0 dagger.
You feel very mighty all of a sudden. Sigmund hits you but does no damage.
You barely miss Sigmund.
Sigmund is moderately wounded.
You miss the kobold. The kobold barely misses you.
Sigmund gestures wildly while chanting.
Sigmund flickers and vanishes!
Deactivating autopickup; reactivate with Ctrl-A.
The kobold hits you but does no damage.
You miss something. You slash the kobold!
You kill the kobold!
Something hits you.
The orc throws a boomerang.
The boomerang hits you.
You closely miss something. Something hits you!
The orc throws a boomerang.
You miss something. You closely miss the orc.
Something hits you but does no damage. The orc hits you but does no damage.
Unknown command.
You closely miss something. You slash the orc!
You kill the orc!
Something hits you but does no damage.
You barely miss something. Something hits you.
You closely miss something. Something hits you!
* * * LOW HITPOINT WARNING * * *
You barely miss something.
You hear some strange, mumbled words.
Something tries to affect you, but you resist.
Something hits you.
* * * LOW HITPOINT WARNING * * *
You miss something.
You hear some strange, mumbled words.
Something tries to affect you, but you resist.
You barely miss something. Something hits you but does no damage.
You barely miss something. Something hits you.
You die...

## # #.. .## #.. #..
########## +##
#......#.....
#.#..#.#.#.#
#..##..#..#
#..##(.#)#.#.#
#########.#..#.@{....#
#..............#######
#.......########
#...)..## #......#
#...†.<# #......+
######.# #.#### #####


There were no monsters in sight!

Vanquished Creatures
  4 adders
  2 dart slugs
  2 orcs
  2 endoplasms
  3 giant cockroaches
  7 goblins
  2 hobgoblins (D:1)
  3 quokkas
  4 ball pythons
  2 bats (D:3)
  6 frilled lizards
  4 kobolds
  3 rats
44 creatures vanquished.

Notes
Turn   | Place    | Note
-------+----------+-------------------------------------------
     0 | D:1      | bande the Gargoyle Fighter began the quest for the Orb.
     0 | D:1      | Reached XP level 1. HP: 14/14 MP: 1/1
   432 | D:1      | Reached XP level 2. HP: 19/19 MP: 2/2
  1122 | D:2      | Found an ornate altar of the Wu Jian Council.
  1566 | D:2      | Found a faded altar of an unknown god.
  1933 | D:2      | Reached XP level 3. HP: 23/23 MP: 3/3
  2222 | D:3      | Found a basalt altar of Yredelemnul.
  2285 | D:3      | Found a snail-covered altar of Cheibriados.
  2391 | D:3      | Reached XP level 4. HP: 23/29 MP: 4/4
  3133 | D:4      | Noticed Sigmund
  3147 | D:4      | Slain by Sigmund

Illustrated notes

Levels and vault maps discovered:
D:1:      zaba_arrival_water, layout_loops_corners, kennysheep_boxes
D:2:      layout_basic, basic_ecumenical_altar, basic_altar
D:3:      layout_loops_cross, kennysheep_slug_shrine, lemuel_round_altar
D:4:      minmay_clustersquares, layout_basic, general_overflow_altar,
          mainiacjoe_overflow_big_doors, uniq_sigmund

Skill      XL: |  1  2  3  4 |
---------------+-------------+-----
Axes           | 2 3 |  3.1
Fighting       | |  3.7
Armour         | |  3.8
Shields        | |  3.8

Action                   |  1- 3 |  4- 6 || total
-------------------------+-------+-------++-------
Melee: War axe           |   127 |    59 ||   186
  Use: Scroll            |     3 |       ||     3
       Potion            |       |     1 ||     1
Armor: Scale mail        |    89 |    45 ||   134
Dodge: Dodged            |    57 |    21 ||    78
Block: Buckler           |    12 |       ||    12
       Kite shield       |    42 |    28 ||    70

Table legend: (Time is in decaauts)
 A = Elapsed time spent in this place.
 B = Non-inter-level travel time spent in this place.
 C = Inter-level travel time spent in this place.
 D = Time resting spent in this place.
 E = Time spent auto-exploring this place.
 F = Levels seen in this place.
 G = Mean time per level.
                   A        B        C        D        E       F      G
               +--------+--------+--------+--------+--------+-----+--------+
         Total |   3251 |   3110 |    141 |      0 |   2515 |   4 |  812.8 |
       Dungeon |   3251 |   3110 |    141 |      0 |   2515 |   4 |  812.8 |
               +--------+--------+--------+--------+--------+-----+--------+

Top non-repeatable levels by time:
     D:1: 1137 daAuts
     D:2: 1121 daAuts
     D:3: 859 daAuts
     D:4: 133 daAuts
